Map: Interloper LE

Players

Winthrowe - Winner!

  • Race: Terran Terran
  • Spawn Location: 11:00

A.I. 1 (Hard)

  • Race: Zerg Zerg
  • Spawn Location: 5:00

VOD

Have the link to the VOD?

Description

Time

  • Played on: Aug. 17, 2017, 6:14 p.m.
  • Length: 15:06
Show
View Real Time Build Order
Export as new Build Order

Winthrowe Terran - Winner!

Build Orders:  

Get SALT Encoding   

  12  0:01  SCV  
  13  0:16  Supply Depot  
  13  0:19  SCV  
  14  0:31  SCV  
  15  0:40  Barracks  
  15  0:43  SCV  
  16  0:56  SCV  
  17  1:08  SCV  
  18  1:11  Refinery  
  18  1:20  SCV  
  19  1:32  SCV  
  20  1:42  Command Center  
  20  1:44  SCV  
  20  1:45  Marine  
  22  1:56  SCV  
  23  2:07  Refinery  
  23  2:16  Supply Depot  
  23  2:27  Barracks Reactor  
  23  2:37  SCV  
  24  2:49  SCV, Engineering Bay  
  25  3:02  SCV  
  26  3:07  SCV  
  27  3:14  SCV  
  27  3:19  SCV  
  29  3:23  Terran Infantry Weapons Level 1  
  29  3:41  Bunker  
  29  3:43  Marine  
  29  3:44  Marine  
  31  3:59  SCV  
  31  4:00  SCV  
  31  4:01  Marine  
  31  4:02  Marine  
  35  4:11  SCV  
  35  4:12  SCV  
  37  4:17  Command Center  
  37  4:19  Marine x2  
  37  4:24  SCV x2  
  41  4:35  Barracks  
  41  4:36  SCV x2  
  41  4:37  Marine x2  
  45  4:48  SCV  
  46  5:00  Supply Depot  
  46  5:01  Supply Depot  
  46  5:02  Supply Depot  
  46  5:17  Neosteel Frame  
  46  5:21  Marine x2, SCV x2  
  46  5:22  Supply Depot  
  45  5:33  SCV x2  
  43  5:39  Marine x2  
  45  5:45  SCV  
  45  5:57  Marine x2  
  45  5:58  SCV  
  44  6:10  SCV  
  45  6:14  Marine  
  45  6:24  Barracks Tech Lab  
  45  6:34  Marine x2  
  45  6:36  Terran Infantry Armor Level 1  
  47  6:48  Planetary Fortress  
  47  6:52  Marine x2, Orbital Command  
  49  7:09  Marine  
  49  7:10  Marine  
  49  7:15  Marauder  
  53  7:25  Factory  
  53  7:27  Marine  
  53  7:28  Marine  
  55  7:35  Planetary Fortress  
  55  7:36  Marauder  
  57  7:44  SCV x2  
  58  7:45  Marine  
  58  7:46  Marine  
  61  7:56  SCV x2  
  61  7:58  Marauder  
  65  8:03  Marine x2  
  67  8:08  SCV x2  
  72  8:19  Factory Reactor, Marauder  
  71  8:20  SCV x2  
  73  8:32  SCV  
  73  8:33  SCV  
  75  8:35  Armory  
  75  8:40  Starport  
  75  8:41  Starport, Marauder  
  77  8:52  Building Armor  
  77  8:58  Marine x2  
  77  9:02  Cyclone, Marauder  
  84  9:12  Refinery  
  84  9:16  Marine x2, Refinery  
  86  9:21  Refinery  
  86  9:22  Refinery  
  86  9:23  Marauder  
  88  9:33  Marine  
  88  9:34  Marine  
  90  9:45  Marauder  
  92  9:51  Marine  
  93  10:02  Supply Depot  
  93  10:06  Marine  
  93  10:09  Marauder  
  93  10:10  Marine  
  93  10:17  Starport Reactor  
  93  10:19  Starport Tech Lab  
  93  10:24  Marine, Cyclone x2  
  93  10:26  Supply Depot  
  93  10:28  Marine  
  94  10:30  Reaper  
  88  10:42  Marine  
  87  10:46  Marine  
  87  10:49  Supply Depot  
  88  10:56  Cyclone x2  
  94  11:00  Marine  
  94  11:03  Marauder  
  94  11:04  Marine  
  97  11:12  Supply Depot  
  97  11:18  Marine  
  94  11:21  Marine  
  94  11:23  SCV  
  94  11:24  SCV x2, Marauder  
  99  11:35  SCV, Supply Depot  
  99  11:36  Marine, SCV x2  
  99  11:37  Viking x2  
  99  11:39  Marine, Raven  
  110  11:45  Marauder  
  105  11:48  SCV x3  
  105  11:53  Marine  
  105  11:57  Marine  
  105  11:58  Supply Depot  
  105  12:00  SCV x3  
  106  12:07  Viking x2, Marauder  
  110  12:11  Marine  
  110  12:12  SCV x3  
  110  12:15  Marine  
  115  12:20  Liberator x2  
  115  12:22  Viking  
  117  12:23  Supply Depot  
  117  12:28  Marauder  
  122  12:50  Marauder  
  121  12:52  Banshee  
  124  13:04  Marine  
  124  13:05  Marine  
  126  13:08  Hellion  
  126  13:09  Hellion  
  126  13:11  Marauder  
  132  13:20  Medivac x2  
  132  13:22  Marine  
  132  13:23  Marine  
  138  13:30  Hellion x2  
  138  13:32  Marauder  
  144  13:35  Banshee  
  144  13:40  Marine  
  144  13:41  Marine  
  149  14:34  Supply Depot  
  149  14:35  Supply Depot  
  149  14:36  Supply Depot  
  149  14:37  Supply Depot  
  149  14:40  Supply Depot x3  
  149  14:42  Supply Depot  
  149  14:44  Supply Depot  
Show
View Real Time Build Order
Export as new Build Order

A.I. 1 (Hard) Zerg 

Build Orders: Pool First 

Get SALT Encoding   

  12  0:00  Drone  
  13  0:12  Overlord  
  13  0:16  Drone  
  14  0:31  Drone  
  14  0:32  Drone  
  16  0:42  Spawning Pool  
  15  0:45  Drone  
  15  0:48  Drone  
  17  0:51  Extractor  
  17  0:56  Drone  
  17  1:06  Overlord  
  17  1:30  Queen  
  17  1:31  Zergling x2  
  20  1:38  Roach Warren, Zergling x2, Drone  
  21  1:44  Extractor  
  20  1:49  Drone  
  21  2:00  Drone  
  22  2:12  Drone  
  23  2:21  Overlord  
  23  2:32  Roach  
  25  2:39  Roach, Drone  
  25  2:41  Overlord  
  28  2:46  Drone  
  29  2:57  Ravager, Drone  
  31  3:04  Ravager  
  32  3:08  Roach, Drone  
  35  3:13  Overlord  
  35  3:14  Roach  
  35  3:19  Drone  
  38  3:29  Baneling Nest  
  38  3:30  Drone  
  38  3:37  Evolution Chamber  
  38  3:40  Roach, Drone  
  40  3:42  Drone  
  40  3:43  Drone  
  42  3:53  Roach  
  44  4:46  Zerg Melee Weapons Level 1, Overlord  
  44  4:49  Drone, Evolution Chamber, Lair  
  44  5:09  Hatchery  
  44  5:10  Drone  
  44  5:14  Zerg Ground Armor Level 1  
  44  5:20  Zergling x2  
  39  5:30  Roach  
  38  5:48  Burrow  
  38  5:49  Infestation Pit  
  37  5:50  Hydralisk Den  
  37  5:51  Drone  
  37  5:54  Roach  
  39  6:04  Roach  
  37  6:14  Roach  
  37  6:18  Spore Crawler  
  35  6:19  Drone  
  35  6:21  Drone  
  35  6:22  Drone  
  35  6:24  Roach, Drone  
  35  6:25  Drone  
  42  6:27  Extractor, Drone  
  42  6:28  Drone  
  42  6:30  Drone  
  42  6:31  Drone  
  45  6:37  Drone  
  46  6:40  Zerg Missile Weapons Level 1  
  46  6:42  Drone  
  47  6:48  Drone  
  47  6:51  Roach, Drone  
  47  6:52  Drone  
  47  6:54  Drone  
  53  6:59  Overlord  
  53  7:03  Drone  
  54  7:10  Drone  
  54  7:14  Drone  
  56  7:16  Spore Crawler, Overseer  
  56  7:20  Spore Crawler, Infestor  
  56  7:22  Overseer, Drone  
  57  7:23  Drone  
  57  7:25  Drone  
  57  7:26  Drone  
  60  7:32  Overlord  
  60  7:36  Spore Crawler, Drone  
  60  7:41  Spine Crawler  
  60  7:43  Drone  
  60  7:45  Spine Crawler  
  60  7:46  Hydralisk  
  60  7:50  Queen  
  63  7:54  Drone  
  63  7:56  Hydralisk, Drone  
  63  7:57  Drone  
  68  8:00  Spine Crawler  
  68  8:01  Drone  
  68  8:05  Spine Crawler  
  67  8:06  Infestor  
  67  8:08  Drone  
  67  8:10  Queen  
  72  8:17  Infestor  
  72  8:19  Spire, Drone  
  74  8:42  Extractor  
  73  8:55  Hydralisk  
  73  8:56  Pneumatized Carapace, Overlord  
  73  8:57  Overlord, Overseer  
  73  9:00  Roach  
  77  9:04  Roach  
  77  9:06  Hatchery  
  77  9:08  Roach  
  77  9:09  Roach  
  80  9:13  Roach  
  80  9:14  Drone  
  80  9:16  Overlord, Hydralisk  
  83  9:20  Zerg Melee Weapons Level 2  
  83  9:21  Hydralisk  
  86  9:25  Hydralisk  
  86  9:30  Zergling x2  
  79  9:34  Roach  
  81  9:39  Roach  
  81  9:43  Roach  
  81  9:45  Zerg Ground Armor Level 2  
  83  9:48  Roach  
  83  9:51  Hydralisk  
  83  10:08  Roach  
  83  10:13  Roach  
  81  10:16  Roach, Hydralisk  
  81  10:19  Drone  
  81  10:20  Drone  
  85  10:21  Infestor  
  85  10:22  Drone  
  85  10:23  Drone  
  85  10:25  Drone  
  85  10:26  Zergling x2, Drone  
  85  10:28  Drone  
  86  10:30  Hydralisk  
  86  10:32  Extractor  
  86  10:35  Roach  
  77  10:39  Roach  
  73  10:44  Roach  
  73  10:48  Roach  
  72  10:52  Roach  
  72  10:55  Hydralisk  
  72  10:57  Roach  
  76  11:01  Roach  
  70  11:05  Roach  
  70  11:10  Roach  
  74  11:14  Roach  
  74  11:16  Overseer  
  74  11:17  Hydralisk  
  69  11:20  Overseer  
  69  11:22  Hydralisk  
  69  11:25  Hydralisk  
  65  11:27  Zergling x2  
  65  11:31  Roach  
  68  11:34  Overlord  
  68  11:36  Roach  
  70  11:41  Roach, Drone  
  70  11:45  Roach  
  66  11:49  Hydralisk  
  66  11:53  Hatchery, Hydralisk  
  66  11:54  Roach  
  58  11:56  Roach  
  58  11:57  Hydralisk  
  57  12:02  Infestor  
  57  12:07  Roach  
  59  12:09  Drone  
  59  12:11  Zergling x2  
  56  12:15  Roach  
  56  12:17  Overlord  
  56  12:22  Roach  
  56  12:25  Overseer  
  53  12:32  Roach  
  46  12:38  Mutalisk  
  45  12:45  Mutalisk  
  42  12:52  Mutalisk  
  44  12:59  Hatchery  
  44  13:04  Overlord  
  39  13:16  Roach  
  25  13:30  Drone  
Tags
 
Matchup
TvZ
Opening
Pool First
Spawn Locations
Cross Positions
Add a new tag
Caveats
  • Supply blocks, unpowered buildings, or Contaminate may cause inaccurate times.
  • Supply counts are checked every 10 seconds.